[Event "Early-Titled-Tuesday-Blitz-July-09-2024"]
[Site "Chess.com"]
[Date "2024.07.09"]
[Round "10"]
[White "kritipatel"]
[Black "AlainBruxelles"]
[Result "1-0"]
[WhiteElo "2130"]
[BlackElo "2244"]
[TimeControl "180+1"]
[EndTime "9:54:34 PDT"]
[Termination "kritipatel won by resignation"]

1. e4 e5 2. Nf3 Nc6 3. Bc4 Nf6 4. d3 Bc5 5. c3 a6 6. Bb3 O-O 7. Nbd2 Ba7 8. h3 d6 9. Nf1 Ne7 10. Ng3 Ng6 11. O-O h6 12. d4 Qe7 13. Qe2 Be6 14.
Be3 Bxb3 15. axb3 Nf4 16. Qd2 N6h5 17. Nf5 Qf6 18. Kh2 Kh7 19. g4 g6 20. gxh5 gxf5 21.
Bxf4 fxe4 22. dxe5 dxe5 23. Nxe5 Rad8 24. Nd7 Qf5 25. Rad1 Rxd7 26. Qxd7 Qxf4+ 27. Kh1 Qf3+ 28. Kh2 Bb8 29. Qg4 c5+ 30. Kg1 Rg8 31. Qxg8+ Kxg8 32. Rd8+ Kh7 33. Rxb8 Qg3+ 34. fxg3 1-0

[Event "Early-Titled-Tuesday-Blitz-July-09-2024"]
[Site "Chess.com"]
[Date "2024.07.09"]
[Round "10"]
[White "Statham_01"]
[Black "betta2004"]
[Result "1-0"]
[WhiteElo "2668"]
[BlackElo "2524"]
[TimeControl "180+1"]
[EndTime "9:54:35 PDT"]
[Termination "Statham_01 won by checkmate"]

1. e4 c6 2. d4 d5 3. f3 e5 4.
dxe5 dxe4 5. Qxd8+ Kxd8 6. Nc3 exf3 7. Nxf3 Bg4 8. Bg5+ Be7 9. O-O-O+ Kc7 10. Bf4 Be6 11. Nd4 Nd7 12. Nxe6+ fxe6 13. Ne4 Nh6 14. Bc4 Rhf8 15.
Bxe6 Nc5 16. Nxc5 Bxc5 17. g3 Rad8 18. Rxd8 Rxd8 19. Rd1 Re8 20. Rd7+ Kb6 21. Bc4 Ng4 22. e6 g5 23. Bc7# 1-0

[Event "Early-Titled-Tuesday-Blitz-July-09-2024"]
[Site "Chess.com"]
[Date "2024.07.09"]
[Round "10"]
[White "JEHUBNER"]
[Black "MANOJ_MISHRA123"]
[Result "0-1"]
[WhiteElo "2014"]
[BlackElo "2255"]
[TimeControl "180+1"]
[EndTime "9:54:43 PDT"]
[Termination "MANOJ_MISHRA123 won by resignation"]

1. e4 Nf6 2. Nc3 d5 3. e5 d4 4. exf6 dxc3 5. fxe7 cxd2+ 6. Bxd2 Bxe7 7. Nf3 Nc6 8. Bb5 Qd5 9. c4 Qe4+ 10. Qe2 Qxe2+ 11. Kxe2 O-O 12. Rhe1 Bg4 13. Be3 Bb4 14. Red1 Ne5 15. a3 Be7 16. Rd5 Bf6 17. Rd2 c6 18.
Ba4 Nxc4 19. Rc2 Nxb2 20. Rxb2 Bxb2 21. Rb1 Bxa3 22. Rxb7 c5 23. Kd3 Rfd8+ 24. Kc4 Be6+ 25. Kc3 Bb4+ 26. Kc2 Bf5+ 27. Kb3 Rd3+ 28. Kc4 Rad8 29.
Ne5 Rc3+ 30. Kb5 f6 31. Nc6 a6+ 32. Kxa6 Ra8+ 33. Na7 Ra3 34. Kb5 Bd3+ 35. Kc6 Be4+ 0-1

[Event "Early-Titled-Tuesday-Blitz-July-09-2024"]
[Site "Chess.com"]
[Date "2024.07.09"]
[Round "10"]
[White "Shield12"]
[Black "Evan_Attaker"]
[Result "1-0"]
[WhiteElo "2971"]
[BlackElo "2741"]
[TimeControl "180+1"]
[EndTime "9:54:45 PDT"]
[Termination "Shield12 won by resignation"]

1. b3 d6 2. Bb2 Nd7 3. d4 Ngf6 4. Nf3 g6 5. c4 Bg7 6. Nc3 O-O 7. g3 c5 8. Bg2 cxd4 9. Nxd4 a6 10. O-O Nc5 11.
e3 Rb8 12. Qe2 Ne6 13. Rac1 Qa5 14. Nc2 Bd7 15. b4 Qd8 16. Rfd1 h5 17. a3 b6 18. Nd4 Rc8 19. Bb7 Qc7 20. Bxc8 Rxc8 21. Nd5 Qd8 22. Nxe6 Bxe6 23. Nxf6+ exf6 24. c5 bxc5 25. bxc5 d5 26. Qxa6 Bf5 27. c6 Be4 28. Qe2 Qd6 29. f3 Bf5 30. e4 Be6 31. exd5 Bh3 32. Qe3 g5 33. Bc3 h4 34. Bb4 Qb8 35. d6 hxg3 36. hxg3 Bf8 37. Kh2 Re8 38. Qf2 g4 39. d7 Re5 40.
d8=Q 1-0

[Event "Early-Titled-Tuesday-Blitz-July-09-2024"]
[Site "Chess.com"]
[Date "2024.07.09"]
[Round "10"]
[White "ArmanGhevondyanchess"]
[Black "Shankland"]
[Result "0-1"]
[WhiteElo "2749"]
[BlackElo "2894"]
[TimeControl "180+1"]
[EndTime "9:54:49 PDT"]
[Termination "Shankland won by resignation"]

1. Nf3 d5 2. d4 Nf6 3. g3 c6 4. Bg2 Bf5 5. O-O e6 6. c4 h6 7. Nc3 Be7 8. Nd2 O-O 9. e4 dxe4 10. Ndxe4 Nbd7 11. Be3 Nxe4 12. Nxe4 Nf6 13. Nc3 Qc7 14.
Qe2 Rad8 15. Rac1 Rfe8 16. d5 exd5 17. cxd5 Bc5 18. dxc6 Bxe3 19. fxe3 Bd3 20. Nd5 Rxd5 21.
cxb7 Qb6 22. Rxf6 Qxf6 23. Rc8 Bxe2 24. Rxe8+ Kh7 25. h4 Rb5 26. b8=Q Rxb8 27. Rxb8 Bf3 28. Rb3 Bxg2 29. Kxg2 Qa6 30. Ra3 Qe2+ 31. Kg1 a5 32.
b3 Qxe3+ 33. Kg2 Qc3 34. Ra4 f5 35. h5 Qd2+ 36. Kh3 Qd1 37. Kg2 Qxh5 38. Rxa5 Qe2+ 39. Kh3 Qg4+ 40. Kg2 f4 0-1

[Event "Early-Titled-Tuesday-Blitz-July-09-2024"]
[Site "Chess.com"]
[Date "2024.07.09"]
[Round "10"]
[White "Chaubunagungamaug1"]
[Black "Nekoo04"]
[Result "1-0"]
[WhiteElo "2500"]
[BlackElo "2391"]
[TimeControl "180+1"]
[EndTime "9:54:52 PDT"]
[Termination "Chaubunagungamaug1 won by resignation"]

1. d4 Nf6 2. c4 g6 3. Nc3 Bg7 4. e4 O-O 5. Be2 c6 6. Be3 d5 7.
e5 Ne4 8. cxd5 cxd5 9. Bd3 Nxc3 10. bxc3 Nc6 11. f4 Qa5 12. Ne2 Bg4 13. Qd2 Rac8 14.
O-O Bxe2 15. Bxe2 Qc7 16. f5 Na5 17. Rac1 Nc4 18. Bxc4 Qxc4 19. Bh6 Bh8 20. Bxf8 Rxf8 21. f6 exf6 22. exf6 Qa6 23. Qf4 Qxa2 24. Ra1 Qc4 25.
Rxa7 Qxc3 26. Rxb7 Qd3 27. Rb8 Qa3 28. Rxf8+ Qxf8 29.
Rb1 Bxf6 30. Qxf6 h5 31. Rb7 Qe8 32. Re7 Qf8 33. Rd7 Qe8 34. Rd8 1-0

[Event "Early-Titled-Tuesday-Blitz-July-09-2024"]
[Site "Chess.com"]
[Date "2024.07.09"]
[Round "10"]
[White "mishanick"]
[Black "Iball95"]
[Result "1-0"]
[WhiteElo "3094"]
[BlackElo "2911"]
[TimeControl "180+1"]
[EndTime "9:54:54 PDT"]
[Termination "mishanick won on time"]

1. d4 d5 2. c4 e6 3. Nc3 c5 4. cxd5 cxd4 5. Qa4+ Bd7 6. Qxd4 exd5 7. Qe5+ Be6 8. e4 Nc6 9. Bb5 dxe4 10. Bg5 Ne7 11. Qxe4 h6 12. Rd1 Qb6 13. Be3 Qa5 14. Nf3 a6 15.
Bc4 Bf5 16. Qh4 Ng6 17. Qh5 Bb4 18. O-O 1-0

[Event "Early-Titled-Tuesday-Blitz-July-09-2024"]
[Site "Chess.com"]
[Date "2024.07.09"]
[Round "10"]
[White "Viacheslav92"]
[Black "TioCridineno"]
[Result "0-1"]
[WhiteElo "2578"]
[BlackElo "2446"]
[TimeControl "180+1"]
[EndTime "9:55:01 PDT"]
[Termination "TioCridineno won by resignation"]

1. e4 c5 2. Nf3 Nc6 3. d4 cxd4 4. Nxd4 Nf6 5. Nc3 e5 6. Ndb5 d6 7. Nd5 Nxd5 8. exd5 Nb8 9. c4 a6 10. Nc3 Be7 11.
Be2 O-O 12. O-O Bf5 13. Bd3 Qc8 14. Bxf5 Qxf5 15. Qe2 Nd7 16. Be3 Rac8 17. Rac1 Qg6 18. f3 f5 19. Rfd1 Bg5 20. Bxg5 Qxg5 21. b3 Rfe8 22. Qd2 Qg6 23. Qf2 e4 24. f4 Nc5 25.
Rc2 Nd3 26. Qe3 Qf6 27. Ne2 g5 28. fxg5 Qe5 29. g3 Rc7 30. Nf4 Nc5 31. h4 Rg7 32.
Rf1 a5 33. Rcf2 h6 34. Ne6 Nxe6 35. Rxf5 Qd4 36. Re1 Qxe3+ 37. Rxe3 Nd4 38. gxh6 Nxf5 39. hxg7 Nxe3 0-1

[Event "Early-Titled-Tuesday-Blitz-July-09-2024"]
[Site "Chess.com"]
[Date "2024.07.09"]
[Round "10"]
[White "IlanSchnaider"]
[Black "Mikasinski"]
[Result "1-0"]
[WhiteElo "2841"]
[BlackElo "2693"]
[TimeControl "180+1"]
[EndTime "9:55:03 PDT"]
[Termination "IlanSchnaider won by checkmate"]

1. e4 c5 2. Nf3 d6 3. d4 cxd4 4. Nxd4 Nf6 5. Nc3 a6 6. Bc4 e6 7.
Bb3 Nbd7 8. O-O Nc5 9. Bg5 Be7 10.
Qf3 h6 11. Bh4 Qc7 12. Rad1 O-O 13. Bg3 Rd8 14. h3 b5 15. e5 Bb7 16. Qe3 dxe5 17. Bxe5 Qb6 18. Qg3 Rac8 19. Rfe1 b4 20. Na4 Nxa4 21. Bxa4 Bd5 22. Bb3 Bxb3 23. axb3 Rd7 24.
Nf5 Rxd1 25. Qxg7# 1-0

[Event "Early-Titled-Tuesday-Blitz-July-09-2024"]
[Site "Chess.com"]
[Date "2024.07.09"]
[Round "10"]
[White "champ2005"]
[Black "Arystanner"]
[Result "1-0"]
[WhiteElo "3049"]
[BlackElo "2908"]
[TimeControl "180+1"]
[EndTime "9:55:04 PDT"]
[Termination "champ2005 won by resignation"]

1. e4 e5 2. Nf3 Nc6 3. Bc4 Nf6 4.
d3 Bc5 5. O-O d6 6. c3 a5 7.
Nbd2 O-O 8. Re1 a4 9. Nf1 h6 10.
Bb5 Bd7 11. Bxa4 Ng4 12. Ne3 Nxe3 13. Bxe3 Bxe3 14. Rxe3 f5 15. exf5 Bxf5 16. Bxc6 bxc6 17. d4 e4 18. Nd2 d5 19. a4 Qg5 20. Qe1 Bc8 21. a5 Ba6 22. f3 Rae8 23. Qf2 exf3 24.
Rxe8 Rxe8 25. Nxf3 Qh5 26. Re1 Rf8 27. Qg3 Qf7 28. h3 Re8 29. Rxe8+ Qxe8 30. Ne5 Qb8 31. b4 Qb5 32. Qf2 Qa4 33. Qf7+ Kh7 34. Qf5+ Kg8 35.
Qe6+ Kh7 36. Qg6+ Kg8 37. Qxc6 1-0

[Event "Early-Titled-Tuesday-Blitz-July-09-2024"]
[Site "Chess.com"]
[Date "2024.07.09"]
[Round "10"]
[White "chessmachine14"]
[Black "Tol_Tol"]
[Result "1-0"]
[WhiteElo "2259"]
[BlackElo "2342"]
[TimeControl "180+1"]
[EndTime "9:55:08 PDT"]
[Termination "chessmachine14 won on time"]

1. e4 c5 2. Nf3 Nc6 3. Bb5 e6 4. O-O Nge7 5. Re1 a6 6. Bf1 Ng6 7. c3 Be7 8. d4 cxd4 9. cxd4 d5 10. Nc3 O-O 11. g3 b5 12. a3 Bd7 13. h4 b4 14. axb4 Bxb4 15. h5 dxe4 16. Rxe4 Nge7 17.
h6 g6 18. Bg5 Qc7 19. d5 Nxd5 20. Nxd5 exd5 21. Rxb4 Nxb4 22. Qd4 f6 23. Bxf6 Qd6 24. Bh4 Rf7 25. Ng5 Qf6 26. Qxb4 Qxf2+ 27. Kh1 d4 28. Bg2 Re8 29. Nxf7 1-0

[Event "Early-Titled-Tuesday-Blitz-July-09-2024"]
[Site "Chess.com"]
[Date "2024.07.09"]
[Round "10"]
[White "LewAnatol"]
[Black "santig8"]
[Result "1-0"]
[WhiteElo "2182"]
[BlackElo "2255"]
[TimeControl "180+1"]
[EndTime "9:55:09 PDT"]
[Termination "LewAnatol won by resignation"]

1. e4 c5 2. Nf3 e6 3. d4 cxd4 4. Nxd4 a6 5. c4 Bc5 6. Nb3 Ba7 7. Nc3 Nf6 8. Bg5 Nc6 9. Be2 h6 10. Bh4 O-O 11. O-O Qe7 12. Kh1 Ne5 13. f4 Ng6 14. Be1 d6 15. Qd3 e5 16. Bd2 exf4 17. Bxf4 Ne5 18. Qg3 Kh8 19. c5 Ng6 20. Bxd6 Qd8 21.
e5 Nd7 22. Bxf8 Qxf8 23. e6 Nxc5 24. Rxf7 Qe8 25. Nxc5 Bxc5 26. Qxg6 Bd4 27. Bd3 Qg8 28. Rf8 1-0

[Event "Early-Titled-Tuesday-Blitz-July-09-2024"]
[Site "Chess.com"]
[Date "2024.07.09"]
[Round "10"]
[White "Defenstrator"]
[Black "glucolisis04"]
[Result "1-0"]
[WhiteElo "2400"]
[BlackElo "2290"]
[TimeControl "180+1"]
[EndTime "9:55:10 PDT"]
[Termination "Defenstrator won by resignation"]

1. Na3 d5 2. c4 d4 3. Nc2 e5 4. d3 c5 5. e3 Nc6 6. Nf3 Nf6 7. Be2 Be7 8. O-O O-O 9. exd4 exd4 10. h3 h6 11. a3 Bf5 12. Rb1 a5 13. b3 Bd6 14.
b4 axb4 15. axb4 cxb4 16. Nfxd4 Nxd4 17. Nxd4 Bg6 18. Nb5 Bc5 19. Be3 Bxe3 20. fxe3 Qe7 21. e4 Rfd8 22. Qb3 Qc5+ 23. Kh1 Nh5 24. d4 Qg5 25.
Bxh5 Qxh5 26. Rbe1 Rac8 27. Qxb4 Qh4 28. Nd6 Rxd6 29.
Qxd6 Bxe4 30. Qh2 Re8 31. Rf4 Qe7 32. Rfxe4 1-0

[Event "Early-Titled-Tuesday-Blitz-July-09-2024"]
[Site "Chess.com"]
[Date "2024.07.09"]
[Round "10"]
[White "edgarhay012"]
[Black "Aggressus"]
[Result "1-0"]
[WhiteElo "2701"]
[BlackElo "2577"]
[TimeControl "180+1"]
[EndTime "9:55:12 PDT"]
[Termination "edgarhay012 won by resignation"]

1. e4 c5 2. Nc3 Nc6 3. Bb5 Nd4 4.
Bc4 e6 5. Nge2 g6 6. Nxd4 cxd4 7. Ne2 Bg7 8. O-O Ne7 9. Bb3 O-O 10. d3 b6 11. Bg5 h6 12. Bh4 g5 13. Bg3 f5 14.
f4 d5 15. e5 Nc6 16. Qd2 b5 17. a4 b4 18. Rae1 a5 19. Bf2 gxf4 20. Nxd4 Nxe5 21. Qxf4 Qf6 22. Bh4 Qg6 23. Rxe5 Bxe5 24. Qxe5 Ra6 25. Rf3 Kh7 26. Rg3 Qf7 27. Ne2 Rc6 28. Nf4 Rg8 29. Rxg8 Qxg8 30. Bf2 Qg7 31. Bd4 Qxe5 32. Bxe5 Kg8 33. d4 Bd7 34. Nd3 Kf7 35. Nc5 Be8 36. c4 dxc4 37. Bxc4 Rc8 38. Bxe6+ 1-0

[Event "Early-Titled-Tuesday-Blitz-July-09-2024"]
[Site "Chess.com"]
[Date "2024.07.09"]
[Round "10"]
[White "maciek_92"]
[Black "TigrVShlyape"]
[Result "1-0"]
[WhiteElo "2859"]
[BlackElo "2968"]
[TimeControl "180+1"]
[EndTime "9:55:18 PDT"]
[Termination "maciek_92 won by resignation"]

1. e4 c5 2. Nc3 e6 3. f4 d5 4. Nf3 dxe4 5. Nxe4 Nc6 6. Bb5 Bd7 7. O-O Nf6 8. d3 Be7 9. Kh1 O-O 10. Be3 Nd4 11.
Bxd7 Qxd7 12. Bxd4 cxd4 13. Nxf6+ Bxf6 14. a4 Rac8 15. Nd2 b6 16. Rf2 Be7 17. Nc4 Rc5 18. b4 Rd5 19. b5 Bd6 20. Qe2 Bc7 21. Rf3 g6 22.
Rff1 Qe7 23. g3 Qf6 24. Rfb1 h5 25. h4 e5 26. fxe5 Bxe5 27. Rf1 Qe6 28. Rae1 Bxg3 29. Qxe6 fxe6 30. Rxf8+ Kxf8 31. Rxe6 Kf7 32. Rc6 Bxh4 33. Rc7+ Ke6 34. Rxa7 Rf5 35. Nxb6 Rf1+ 36. Kg2 Rf2+ 37. Kg1 Rxc2 38. Nc4 Rc3 39. a5 Rxd3 40. a6 Rb3 41. Rb7 d3 42. a7 Ra3 43. Rb6+ 1-0

[Event "Early-Titled-Tuesday-Blitz-July-09-2024"]
[Site "Chess.com"]
[Date "2024.07.09"]
[Round "10"]
[White "GMAneta"]
[Black "maracayo"]
[Result "0-1"]
[WhiteElo "2617"]
[BlackElo "2454"]
[TimeControl "180+1"]
[EndTime "9:55:20 PDT"]
[Termination "maracayo won on time"]

1. d4 d6 2. Nf3 Nf6 3. c4 Nbd7 4. g3 e5 5. Bg2 Be7 6. O-O O-O 7. Nc3 c6 8. b4 e4 9. Nd2 d5 10. Qb3 Nb6 11.
c5 Nbd7 12. a4 Re8 13. b5 Bf8 14. e3 h5 15. a5 a6 16. bxc6 bxc6 17. Na4 Qxa5 18. Nb6 Qxa1 19. Bb2 Qa5 20. Ra1 Qb5 21. Qc2 Nxb6 22. Bf1 Nc4 0-1

[Event "Early-Titled-Tuesday-Blitz-July-09-2024"]
[Site "Chess.com"]
[Date "2024.07.09"]
[Round "10"]
[White "rdarruda"]
[Black "Adar_07"]
[Result "0-1"]
[WhiteElo "2562"]
[BlackElo "2752"]
[TimeControl "180+1"]
[EndTime "9:55:23 PDT"]
[Termination "Adar_07 won by resignation"]

1. d4 Nf6 2. Nf3 e6 3. c3 b5 4. g3 Bb7 5. Bg2 c5 6. O-O a6 7. e3 Be7 8. Nbd2 O-O 9. b3 Qc7 10. Bb2 Nc6 11. Rc1 Rfc8 12. Qe2 Qa5 13. a3 cxd4 14.
exd4 Bf8 15. Ne5 Rab8 16. c4 bxc4 17. Ndxc4 Qb5 18. Qe3 Nxe5 19. dxe5 Bxg2 20. Kxg2 Nd5 21. Qf3 Qxb3 22. Ba1 Qxf3+ 23. Kxf3 Rc5 24. Bd4 Rc6 25.
Nd6 Bxd6 26. exd6 Rxc1 27. Rxc1 f6 28. Rc5 Kf7 29. Ra5 Ra8 30. Ke4 g5 31. g4 Kg6 32. h3 h5 33. f3 hxg4 34. hxg4 Nf4 35. Rc5 e5 36. Be3 Ne6 37. Ra5 Nd8 38. Bb6 Nb7 39.
Kd5 Nxa5 40. Bxa5 Rb8 41. a4 Rb3 0-1

[Event "Early-Titled-Tuesday-Blitz-July-09-2024"]
[Site "Chess.com"]
[Date "2024.07.09"]
[Round "10"]
[White "amanjazu"]
[Black "Veleamater"]
[Result "1-0"]
[WhiteElo "2589"]
[BlackElo "2422"]
[TimeControl "180+1"]
[EndTime "9:55:23 PDT"]
[Termination "amanjazu won by resignation"]

1. g3 d6 2. Bg2 g6 3. f4 Nc6 4. Nf3 Bg7 5. O-O h6 6. Nc3 Nf6 7. e4 O-O 8. d4 e6 9. e5 Nd5 10.
Nxd5 exd5 11. c3 Bf5 12. Qb3 dxe5 13. Nxe5 Nxe5 14. fxe5 c6 15. Qxb7 Qc8 16. Qxc8 Rfxc8 17. Rf2 Be6 18. Be3 c5 19. dxc5 Rab8 20. Rd1 a5 21.
Bxd5 Rd8 22. Rfd2 Rxd5 23. Rxd5 Rxb2 24. c6 Re2 25. Bf4 g5 26. c7 gxf4 27. gxf4 Rxa2 28.
Rd6 Bf5 29. e6 Be4 30. c8=Q+ Kh7 31. exf7 Rg2+ 32. Kf1 Bh8 33. f8=Q 1-0

[Event "Early-Titled-Tuesday-Blitz-July-09-2024"]
[Site "Chess.com"]
[Date "2024.07.09"]
[Round "10"]
[White "Zq1"]
[Black "Potosino1970"]
[Result "0-1"]
[WhiteElo "2591"]
[BlackElo "2715"]
[TimeControl "180+1"]
[EndTime "9:55:24 PDT"]
[Termination "Potosino1970 won by resignation"]

1. d4 Nf6 2. c4 g6 3. Nc3 Bg7 4. e4 d6 5. Nf3 O-O 6. Be2 Nbd7 7. O-O e5 8. Be3 Qe7 9. Qc2 exd4 10. Nxd4 Re8 11.
f3 c6 12. Rfe1 Nh5 13. Rad1 Be5 14. Bf2 Qg5 15. Bf1 a5 16. Kh1 Nc5 17. Nde2 f5 18.
Qd2 f4 19. g4 Bxg4 20. fxg4 Qxg4 21. Ng1 f3 22. Bh3 Qf4 23. Qxf4 Nxf4 24. Bf1 Bxc3 25. bxc3 Nxe4 26. Rxe4 Rxe4 27. Nxf3 Rf8 28. Bg3 Nh5 29. Bg2 Nxg3+ 30. hxg3 Rxc4 31. Rxd6 Rxc3 0-1

[Event "Early-Titled-Tuesday-Blitz-July-09-2024"]
[Site "Chess.com"]
[Date "2024.07.09"]
[Round "10"]
[White "baki83"]
[Black "vi_pranav"]
[Result "0-1"]
[WhiteElo "2817"]
[BlackElo "3008"]
[TimeControl "180+1"]
[EndTime "9:55:25 PDT"]
[Termination "vi_pranav won by checkmate"]

1. e4 e5 2. Nf3 Nc6 3. Bc4 Nf6 4. d3 h6 5. Nc3 d6 6. h3 g6 7. Be3 Bg7 8. Qd2 Be6 9. O-O d5 10. exd5 Nxd5 11. Rfe1 Nxe3 12. Bxe6 Nxg2 13. Bxf7+ Kxf7 14. Kxg2 Rf8 15. Re4 Kg8 16. Rae1 Qd7 17. Rg4 Kh7 18.
Ne4 Ne7 19. Rg1 Nd5 20. Kf1 Rxf3 21. Rxg6 Rg8 22. Ng5+ Kxg6 23. Nxf3+ Kh7 24. Qe2 Qxh3+ 25. Ke1 Qf5 26. Nh4 Qf4 27. Qh5 Qc1+ 28. Ke2 Nf4+ 29. Kf3 Qxg1 30. Qf5+ Ng6 31. Ke2 Rf8 32. Qe4 Rxf2+ 33.
Ke3 Qe1# 0-1

[Event "Early-Titled-Tuesday-Blitz-July-09-2024"]
[Site "Chess.com"]
[Date "2024.07.09"]
[Round "10"]
[White "vikber19611"]
[Black "Knightmare1014"]
[Result "0-1"]
[WhiteElo "1744"]
[BlackElo "2249"]
[TimeControl "180+1"]
[EndTime "9:55:30 PDT"]
[Termination "Knightmare1014 won on time"]

1. e4 c5 2. Nf3 e6 3. d4 cxd4 4. Nxd4 a6 5. Nc3 Qc7 6. Be3 Bb4 7. Qd3 Nf6 8. f3 d5 9. e5 Qxe5 10. O-O-O O-O 11. Be2 Qc7 12. g4 b5 13. g5 Ne8 14. h4 Bxc3 15. bxc3 Qc4 16. Qxc4 bxc4 17.
f4 Nd6 18. Bf3 Bd7 19. Ne2 Nf5 20. Bc5 Rc8 21. Ba3 Nc6 22. Nd4 Ncxd4 23. cxd4 Rab8 24. c3 Ba4 25. Rde1 Rb6 26. Bd1 Bxd1 27. Rxd1 Rcb8 28. Kd2 Ng3 29. Rhg1 Ne4+ 30. Kc2 Nf2 31. Rdf1 Nd3 32.
Rf3 Rb2+ 0-1

[Event "Early-Titled-Tuesday-Blitz-July-09-2024"]
[Site "Chess.com"]
[Date "2024.07.09"]
[Round "10"]
[White "NikFil2013"]
[Black "Fh2411"]
[Result "0-1"]
[WhiteElo "2400"]
[BlackElo "2586"]
[TimeControl "180+1"]
[EndTime "9:55:35 PDT"]
[Termination "Fh2411 won by resignation"]

1. d4 d5 2. c4 c6 3. cxd5 cxd5 4.
Bf4 Nc6 5. e3 Nf6 6. Nc3 a6 7. Bd3 Bg4 8. Nge2 e6 9. O-O Be7 10. f3 Bh5 11. a3 O-O 12. b4 b5 13.
Rc1 Rc8 14. Bb1 Bg6 15. e4 Qb6 16. e5 Nd7 17. Bxg6 fxg6 18. Qd3 Ncxe5 19. Bxe5 Nxe5 20. Qe3 Nc4 21. Qd3 Bf6 22. Rfe1 Nxa3 23. Nxd5 exd5 24.
Qxa3 Rc4 25. Rcd1 Re8 26. Kf1 Qd6 27. Ra1 Re6 28. Ng3 Rxe1+ 29. Rxe1 Bxd4 0-1

[Event "Early-Titled-Tuesday-Blitz-July-09-2024"]
[Site "Chess.com"]
[Date "2024.07.09"]
[Round "10"]
[White "gafkens"]
[Black "ural58"]
[Result "1-0"]
[WhiteElo "2630"]
[BlackElo "2435"]
[TimeControl "180+1"]
[EndTime "9:55:36 PDT"]
[Termination "gafkens won by resignation"]

1. e4 d5 2. exd5 Qxd5 3. Nc3 Qd6 4. d4 c6 5. Nf3 Bf5 6. g3 e6 7. Bg2 Nf6 8. O-O Be7 9. a3 h6 10. Bf4 Qd8 11. Qd2 Nbd7 12. Rfe1 Nb6 13. Be5 O-O 14.
Bxf6 Bxf6 15. Ne4 Be7 16. b3 Nd5 17. c4 Nf6 18. Nc3 a6 19. Ne5 Qc8 20. b4 Rd8 21. c5 Nd5 22. Nxd5 cxd5 23. a4 b6 24. cxb6 a5 25. bxa5 f6 26. Rec1 Qa6 27. Nc6 Re8 28.
Qb2 Rac8 29. Bf1 Qb7 30. a6 Qxc6 31. Rxc6 Rxc6 32. Qb5 Rcc8 33. b7 Rcd8 34. a7 Bd6 35. Qxe8+ Rxe8 36. a8=Q 1-0

[Event "Early-Titled-Tuesday-Blitz-July-09-2024"]
[Site "Chess.com"]
[Date "2024.07.09"]
[Round "10"]
[White "Pachonpower"]
[Black "nitpicker"]
[Result "1-0"]
[WhiteElo "2463"]
[BlackElo "2312"]
[TimeControl "180+1"]
[EndTime "9:55:41 PDT"]
[Termination "Pachonpower won by resignation"]

1. d4 Nf6 2. Nf3 d5 3. e3 g6 4.
b3 Bg7 5. Bb2 O-O 6. Nbd2 Nbd7 7.
Be2 b6 8. O-O Bb7 9. Ne5 Nxe5 10. dxe5 Nd7 11. f4 f6 12. exf6 exf6 13. Nf3 Qe7 14.
Qd2 Rfe8 15. Kf2 Nc5 16. Bd3 Rad8 17. Qe2 Ne4+ 18. Kg1 Nd6 19. Rfe1 Bc8 20. Nd4 Bd7 21. a4 a5 22. Bb5 c5 23. Nc6 Bxc6 24. Bxc6 Rf8 25.
Bxd5+ Kh8 26. Rad1 Ne4 27. Qc4 f5 28. Bxg7+ Kxg7 29.
Bxe4 fxe4 30. g4 h6 31. Kg2 Qh4 32. h3 Qe7 33. Qb5 Rxd1 34. Rxd1 Rd8 35. Re1 Rd2+ 36. Re2 Rxe2+ 37. Qxe2 Qd6 38. Kf2 Kf6 39. Ke1 Qd5 40. Qd2 Qc6 41. Qc3+ Kf7 42. Qe5 c4 43. Kd2 cxb3 44.
cxb3 Qd7+ 45. Qd4 Qc6 46. Qc4+ Qxc4 47. bxc4 Ke6 48. Kc3 Kd6 49. Kd4 1-0

[Event "Early-Titled-Tuesday-Blitz-July-09-2024"]
[Site "Chess.com"]
[Date "2024.07.09"]
[Round "10"]
[White "malakismayil"]
[Black "Bkmzzzzz"]
[Result "1/2-1/2"]
[WhiteElo "2519"]
[BlackElo "2428"]
[TimeControl "180+1"]
[EndTime "9:55:43 PDT"]
[Termination "Game drawn by repetition"]

1. e4 d6 2. d4 Nf6 3. Nc3 e5 4. dxe5 dxe5 5. Qxd8+ Kxd8 6. Bg5 Be6 7. O-O-O+ Nd7 8.
f4 exf4 9. e5 h6 10. Bxf4 Nh5 11.
Be3 Bb4 12. Nd5 Ba5 13. Be2 g6 14. Bxh5 gxh5 15. Nf6 Ke7 16. Nxd7 Bxd7 17. Bc5+ Ke6 18. Nf3 Bc6 19. Nd4+ Kxe5 20. Nxc6+ bxc6 21. Bd4+ Kf5 22. Bxh8 Rxh8 23. Rhf1+ Kg6 24. Rd7 f6 25. Re7 Bb6 26.
Re6 Bd4 27. c3 Be5 28. Rxc6 Rd8 29. Kc2 Rd5 30. h3 Kg5 31. Rc4 Ra5 32. a4 Rd5 33. Rd1 Ra5 34. Rd7 Kg6 35. Rd1 Kf5 36. Ra1 Ra6 37.
b4 Rd6 38. Rd1 Re6 39. Rf1+ Kg6 40. Re1 Rd6 41. Rxc7 Ra6 42. Rb7 Rxa4 43. Kb3 Ra6 44. b5 Rd6 45. Re3 a6 46. b6 Rc6 47. Rd3 Kf5 48. c4 Ke4 49. Rdd7 Bd4 50. Re7+ Kd3 51. Red7 Ke4 52. Re7+ Kd3 53. Red7 Ke4 1/2-1/2

[Event "Early-Titled-Tuesday-Blitz-July-09-2024"]
[Site "Chess.com"]
[Date "2024.07.09"]
[Round "10"]
[White "BashirovKemal"]
[Black "zverr1"]
[Result "1-0"]
[WhiteElo "2681"]
[BlackElo "2543"]
[TimeControl "180+1"]
[EndTime "9:55:44 PDT"]
[Termination "BashirovKemal won on time"]

1. d4 Nf6 2. Nf3 g6 3. Nbd2 d5 4. e3 Bg7 5. b4 O-O 6. Bb2 a5 7. b5 c5 8. bxc6 Nxc6 9. Be2 Bf5 10. a3 Ne4 11. O-O a4 12. Nxe4 Bxe4 13. Nd2 Bf5 14. c4 dxc4 15. Nxc4 b5 16. Ne5 Nxe5 17. dxe5 Qb8 18. Qd5 b4 19. axb4 Qxb4 20. Ba3 Qe4 21. Qxe4 Bxe4 22. f4 e6 23. Bxf8 Bxf8 24. Kf2 Ra7 25.
Rfc1 a3 26. Rc4 Bd5 27. Rc8 Kg7 28. Bf3 Bxf3 29. Kxf3 Rb7 30. Rc2 h5 31. g3 Rb3 32.
Raa2 Rb1 33. Rc8 Rb3 34. Rac2 Rb5 35. Ra8 Bc5 36. Rc8 Bf8 37. Rd8 Ra5 38. Rcc8 f5 39.
exf6+ 1-0

[Event "Early-Titled-Tuesday-Blitz-July-09-2024"]
[Site "Chess.com"]
[Date "2024.07.09"]
[Round "10"]
[White "ManMish2"]
[Black "eightbyeightchess"]
[Result "1-0"]
[WhiteElo "2600"]
[BlackElo "2436"]
[TimeControl "180+1"]
[EndTime "9:55:47 PDT"]
[Termination "ManMish2 won on time"]

1. e4 d5 2. exd5 Nf6 3. d4 Bg4 4. f3 Bf5 5. c4 c6 6. dxc6 Nxc6 7. d5 Nb8 8. Nc3 e5 9. Bd3 Bxd3 10. Qxd3 Bc5 11.
Nge2 Na6 12. a3 O-O 13. b4 Be7 14. Be3 Nc7 15. Rd1 Nfe8 16. c5 Bf6 17. O-O a5 18. d6 Ne6 19. Nd5 axb4 20. axb4 Ra2 21. Nec3 Ra3 22. Qc4 g6 23. Nb5 Rxe3 24. Nxe3 Bg5 25.
Nd5 Nf6 26. Nbc7 Nxc7 27. dxc7 1-0

[Event "Early-Titled-Tuesday-Blitz-July-09-2024"]
[Site "Chess.com"]
[Date "2024.07.09"]
[Round "10"]
[White "chipmunknau"]
[Black "Antek_Radzimski"]
[Result "1-0"]
[WhiteElo "2714"]
[BlackElo "2584"]
[TimeControl "180+1"]
[EndTime "9:55:50 PDT"]
[Termination "chipmunknau won by resignation"]

1. d4 Nf6 2. Nf3 g6 3. g3 Bg7 4. Bg2 O-O 5. O-O d6 6. c4 Nc6 7. Nc3 Bg4 8. h3 Bxf3 9. Bxf3 e5 10. d5 Ne7 11. Rb1 a5 12. a3 Nd7 13. b4 axb4 14. axb4 f5 15. Bg2 h6 16. e3 g5 17. e4 f4 18. Bf3 Nf6 19. Bg4 Nxg4 20. Qxg4 Qe8 21. Bd2 Qg6 22. Nb5 Ra2 23. Rbd1 h5 24.
Qd7 Rf7 25. Nxc7 Qxe4 26. Qe8+ Bf8 27. Ne6 fxg3 28. Qxf7+ Kxf7 29. Nxg5+ Kg6 30. Nxe4 Nf5 31. fxg3 Be7 32. Rf2 Nd4 33. Be3 Ne2+ 34. Kf1 Nxg3+ 35. Nxg3 1-0